cohdb
Replays
Latest Replays
All Replays
Popular Replays
Top Player Replays
Match Explorer
How It Works
Community
CoH3 Stats
Reddit
Sign in to upload your games and track your stats! →
Sign in with Steam
Match 43480409
Unlisted
Match 43480409
Overview
Messages
Build Orders
End
Construct Section Command Post
Infantry Section
Infantry Section
Infantry Section
Construct Platoon Command Post
Selects Air and Sea Battlegroup
Selects Supply Surplus
Construct Field Infirmary
Forward Retreat Point
6-pounder Anti-tank Gun Team
Infantry Training
6-pounder Anti-tank Gun Team
Selects UNKNOWN (223837)
Selects Commando Section Paradrop
Selects M1 Pack Howitzer Paradrop
Grenade Package
Construct Field Infirmary
Construct Company Command Post
Forward Retreat Point
Unlock M3 Grant Medium Tanks
M3 Grant Medium Tank
Construct Field Infirmary
Selects Anti-tank Rocket Loiter
M3 Grant Medium Tank
Anti-tank Rocket Loiter
Selects UNKNOWN (223837)
Selects Assault Flares
Assault Flares
Take care of yourself
Dumpster Bob
HONGHA
김문상
Mansonfreakss
KeepMovingShnep
likewind3
mayomeyo
0
0
Comments
sign in to comment!
No comments posted yet!